 Dungeon Crawl Stone Soup version 0.27.1-34-g3ba077fa99 (webtiles) character file.

Game seed: 15693439567651546677

4172 boopmooplesden the Carver (level 10, -2/86 HPs)
             Began as a Minotaur Fighter on Jan 14, 2022.
             Was an Initiate of Gozag.
             Slain by a hornet (5 damage)
             ... while paralysed by a hornet
             ... on level 9 of the Dungeon.
             The game lasted 00:12:45 (9589 turns).

boopmooplesden the Carver (Minotaur Fighter)        Turns: 9589, Time: 00:12:46

Health: -2/86      AC: 11    Str: 23    XL:     10   Next: 7%
Magic:  9/9        EV:  2    Int:  6    God:    Gozag
Gold:   1923       SH:  0    Dex: 16    Spells: 9/9 levels left

rFire    + . .     SeeInvis +   C - +2 long sword (vorpal)
rCold    + . .     Faith    .   c - +1 kite shield
rNeg     . . .     Spirit   .   f - +0 chain mail
rPois    .         Reflect  .   m - +0 hat of Ennui {rElec rC+}
rElec    +         Harm     .   (no cloak)
rCorr    .         Rampage  .   (no gloves)
Will     +....                  (no boots)
Stlth    ..........             (no amulet)
HPRegen  0.24/turn              q - +6 ring of dexterity
MPRegen  0.11/turn              t - ring of protection from fire

@: paralysed, slowed
A: horns 2, retaliatory headbutt, see invisible, strong-willed 1, sense
surroundings 1
a: Renounce Religion, Potion Petition, Call Merchant, Bribe Branch


You were on level 9 of the Dungeon.
You worshipped Gozag.
Gozag was most pleased with you.
You visited 1 branch of the dungeon, and saw 9 of its levels.
You also visited: Sewer.

You collected 1943 gold pieces.
You paid 20 gold pieces to Gozag.

Inventory:

Hand Weapons
 a - a +3 long sword of protection
 k - a +0 spectral quarterstaff
 C - a +2 vorpal long sword (weapon)
Missiles
 e - 5 curare-tipped darts (quivered)
Armour
 b - a +0 scale mail
 c - a +1 kite shield (worn)
 f - a +0 chain mail (worn)
 g - a +0 plate armour
 j - a +0 pair of gloves
 m - the +0 hat of Ennui (worn) {rElec rC+}
   (You acquired it on level 5 of the Dungeon)

   rC:        It protects you from cold.
   rElec:     It insulates you from electricity.
Jewellery
 n - a ring of ice
 q - a +6 ring of dexterity (left hand)
 r - a +6 ring of intelligence
 t - a ring of protection from fire (right hand)
 x - a +6 ring of strength
 y - a +6 ring of dexterity
 A - an amulet of guardian spirit
 D - an amulet of reflection
Scrolls
 h - a scroll of fog
 o - 2 scrolls of teleportation
 p - a scroll of magic mapping
Potions
 d - 3 potions of might
 i - 2 potions of curing {unknown}
 l - 2 potions of attraction
 s - a potion of heal wounds
 u - a potion of brilliance
 v - 5 potions of flight
 w - a potion of magic
 z - a potion of haste
 B - a potion of experience {unknown}
 E - a potion of lignification {unknown}


   Skills:
 + Level 7.5 Fighting
 + Level 10.2 Long Blades
 + Level 8.7 Armour
 + Level 3.3 Dodging
 + Level 1.3 Stealth
 + Level 9.7 Shields


You had 9 spell levels left.
You didn't know any spells.
Your spell library contained the following spells:

 Spells                   Type           Power      Damage    Failure   Level
 Animate Skeleton         Necr           0%         N/A       99%         1
 Magic Dart               Conj           0%         1d3       99%         1
 Pain                     Necr           0%         1d4       99%         1
 Sting                    Tmut/Pois      0%         1d3       99%         1
 Call Imp                 Summ           0%         N/A       100%        2
 Ensorcelled Hibernation  Hex/Ice        0%         N/A       100%        2
 Poisonous Vapours        Pois/Air       0%         N/A       100%        2
 Slow                     Hex            0%         N/A       100%        2
 Confusing Touch          Hex            0%         N/A       100%        3
 Mephitic Cloud           Conj/Pois/Air  0%         N/A       100%        3
 Ozocubu's Armour         Ice            0%         N/A       100%        3
 Spider Form              Tmut/Pois      0%         N/A       100%        3
 Vampiric Draining        Necr           0%         2d6       100%        3
 Olgreb's Toxic Radiance  Pois           0%         N/A       100%        4
 Shadow Creatures         Summ           N/A        N/A       100%        6
 Ozocubu's Refrigeration  Ice            0%         4d5       100%        7


Dungeon Overview and Level Annotations

Branches:
Dungeon (9/15)             Temple (0/1) D:7           Sewer (visited)
   Lair: D:8-11         Orc: D:9-12

Altars:
Gozag
Wu Jian
The Shining One


Innate Abilities, Weirdness & Mutations

You have a pair of horns on your head.
You reflexively headbutt those who attack you in melee.
You have supernaturally acute eyesight. (SInv)
You are strong-willed. (Will+)
You passively map a small area around you.


Message History

The orc shouts!
The hornet stings you but does no damage.
The hornet stings you!
You feel as though you will be slow longer.
The purple ugly thing punches you but does no damage.
You feel very sick.
The orc wizard casts a spell.
The orc wizard flickers and vanishes for a moment.
The hornet stings you but does no damage.
The hornet stings you!
You feel as though you will be slow longer.
You feel very sick.
You feel sick.
You feel sick. You block the hornet's attack.
You feel sick.
You feel sick.
You are no longer poisoned.
You feel yourself speed up.
You block the purple ugly thing's attack.
You block the hornet's attack.
The purple ugly thing closely misses you.
The hornet stings you but does no damage.
The hornet stings you.
* * * LOW HITPOINT WARNING * * *
You feel yourself slow down.
The hornet stings you but does no damage.
You feel yourself speed up. The hornet stings you.
* * * LOW HITPOINT WARNING * * *
You suddenly lose the ability to move!
The hornet stings you.
* * * LOW HITPOINT WARNING * * *
You shrug off the repeated paralysis!
The hornet stings you.
* * * LOW HITPOINT WARNING * * *
You feel yourself slow down. The purple ugly thing punches you.
* * * LOW HITPOINT WARNING * * *
The hornet stings you.
You die...
Your body crumbles into a pile of gold.

* #.........#..#.
, *###
#....o....#..# ,
..#
#.........#..#, ,
*
###.###..o......#
, ,
,.....'.o.......#
, ,,,
####.###.........#
*
#......o.........#
,,,
#....uy..######+##
, , #....@........
, * ,
#............., *
#.#######...... _*
#######.# ,,
...... ,,
*#.......# ......,
* **##......#*, ,
...... ##.....#* ,
, ... * ,_##....#*
, , ##.....#


You could see a purple ugly thing, a hornet, an orc warrior, an orc wizard
(invisible) and 2 orcs.

Vanquished Creatures
  A hornet (D:8)
  Prince Ribbit (D:8)
  5 yaks
  A steam dragon (D:8)
  A water moccasin (D:5)
  An ice beast (D:7)
  2 orc warriors (D:8)
  A black bear (D:4)
  4 ogres
  A centaur (D:8)
  A phantom (D:4)
  2 bullfrogs
  3 scorpions
  2 water moccasin zombies (D:5)
  4 wights (D:6)
  A howler monkey (D:5)
  A centaur zombie (D:9)
  A centaur skeleton (D:4)
  2 gnoll shamans
  3 hounds
  3 jellies
  7 orc priests
  A bullfrog skeleton (D:5)
  5 iguanas
  Terence (D:3)
  7 orc wizards
  A howler monkey skeleton (D:4)
  13 gnolls
  15 adders
  A shadow imp (D:6)
  4 worms (Sewer)
  2 dart slugs (D:1)
  25 orcs
  21 ball pythons
  10 endoplasms
  6 giant cockroaches
  7 hobgoblins
  11 jackals
  6 quokkas
  15 bats
  4 frilled lizards
  9 goblins
  2 kobolds
  6 rats
220 creatures vanquished.

Vanquished Creatures (others)
  A demonic plant (D:2)
  2 fungi (D:2)
  A plant (D:2)
  A withered plant (D:2)
5 creatures vanquished.

Grand Total: 225 creatures vanquished

Notes
Turn   | Place    | Note
-------+----------+-------------------------------------------
     0 | D:1      | boopmooplesden the Minotaur Fighter began the quest for the
                  | Orb.
     0 | D:1      | Reached XP level 1. HP: 19/19 MP: 0/0
   213 | D:1      | Reached XP level 2. HP: 25/27 MP: 1/1
   678 | D:1      | Reached XP level 3. HP: 24/33 MP: 2/2
  1041 | D:2      | Found a faded altar of an unknown god.
  1062 | D:2      | Reached skill level 3 in Long Blades
  1086 | D:2      | Found an ornate altar of the Wu Jian Council.
  1501 | D:3      | Found an opulent altar of Gozag.
  1523 | D:3      | Became a worshipper of Gozag Ym Sagoz the Greedy
  1559 | D:3      | Reached XP level 4. HP: 38/40 MP: 3/3
  1795 | D:3      | Noticed Terence
  1812 | D:3      | Killed Terence
  1813 | D:3      | Reached skill level 4 in Long Blades
  1999 | D:3      | Reached XP level 5. HP: 40/47 MP: 4/4
  2061 | D:3      | Reached skill level 5 in Shields
  2678 | D:4      | Noticed an ogre
  2686 | D:4      | Killed an ogre
  2687 | D:4      | Reached skill level 5 in Long Blades
  2687 | D:4      | Reached skill level 5 in Armour
  2687 | D:4      | Reached skill level 1 in Dodging
  2687 | D:4      | Reached XP level 6. HP: 3/53 MP: 5/5
  3349 | D:4      | Reached XP level 7. HP: 43/60 MP: 6/6
  3824 | D:4      | Reached skill level 6 in Long Blades
  3842 | D:4      | Reached skill level 5 in Fighting
  4003 | D:5      | Entered Level 5 of the Dungeon
  4160 | D:5      | Reached skill level 7 in Long Blades
  4256 | D:5      | Found a glowing drain.
  4283 | Sewer    | Entered a sewer
  4298 | Sewer    | Reached XP level 8. HP: 68/69 MP: 7/7
  5612 | D:5      | Identified a scroll of acquirement
  5612 | D:5      | Acquired the +0 hat of Ennui {rElec rC+}
  5814 | D:6      | Reached skill level 8 in Long Blades
  6312 | D:6      | Reached XP level 9. HP: 48/77 MP: 8/8
  6963 | D:6      | Gained mutation: You passively map a small area around you.
                  | [potion of mutation]
  6963 | D:6      | Gained mutation: You have supernaturally acute eyesight.
                  | (SInv) [potion of mutation]
  6963 | D:6      | Gained mutation: You are strong-willed. (Will+) [potion of
                  | mutation]
  7111 | D:7      | Identified the +7 dagger of Bodily Humours {venom, +Rage
                  | rElec}
  7252 | D:7      | Found a staircase to the Ecumenical Temple.
  8037 | D:8      | Reached skill level 9 in Long Blades
  8047 | D:8      | Reached skill level 1 in Stealth
  8208 | D:8      | Noticed Prince Ribbit
  8236 | D:8      | Killed Prince Ribbit
  8549 | D:8      | Reached skill level 10 in Long Blades
  8677 | D:8      | Reached XP level 10. HP: 82/86 MP: 9/9
  9482 | D:9      | Found a glowing golden altar of the Shining One.
  9565 | D:9      | Noticed a purple ugly thing
  9587 | D:9      | Paralysed by a hornet for 3 turns
  9589 | D:9      | HP: 3/86 [purple ugly thing (5)]
  9589 | D:9      | Slain by a hornet

Illustrated notes

Levels and vault maps discovered:
D:1:      amcnicky_arrival_blooded_trapdoor, layout_basic,
          corexii_hall_statues_l
D:2:      layout_basic, basic_altar, shapermc_ecumenical_altar_gd
D:3:      layout_loops_ring, nicolae_gozag_seed_capital, hangedman_glass_teeth,
          minmay_snake_closets, uniq_terence
D:4:      layout_gridville
D:5:      layout_basic, portal_sewer_entry_a
D:6:      layout_gridville, minmay_misc_feat_alley
D:7:      layout_basic, minmay_temple_entry_drinking_statues
D:8:      minmay_goldmine, layout_cave_pools, mrwooster_statue_mirror,
          uniq_prince_ribbit1
D:9:      layout_basic, mainiacjoe_overflow_surrounded_room,
          grunt_temple_overflow_diamond, serial_park_tiny_pond

Skill      XL: |  1  2  3  4  5  6  7  8  9 |
---------------+----------------------------+-----
Shields        | 4 5 6 8 9 |  9.7
Armour         | 4 5 6 7 8 |  8.7
Fighting       | 4 5 6 7 |  7.5
Long Blades    | 3 4 5 7 8 10 | 10.2
Dodging        | 1 2 3 |  3.3
Stealth        | 1 |  1.3

Action                   |  1- 3 |  4- 6 |  7- 9 | 10-12 || total
-------------------------+-------+-------+-------+-------++-------
Melee: Long sword        |    90 |   134 |   334 |    43 ||   601
       Headbutt          |    22 |    22 |    97 |     8 ||   149
Throw: Dart              |       |       |     1 |       ||     1
  Use: Scroll            |     4 |     1 |    16 |       ||    21
       Potion            |       |       |     2 |       ||     2
 Stab: Distracted        |       |       |     1 |       ||     1
Armor: Scale mail        |    43 |       |       |       ||    43
       Chain mail        |       |    82 |   184 |    11 ||   277
Dodge: Dodged            |    26 |    42 |    92 |     9 ||   169
Block: Kite shield       |    47 |    83 |   241 |    33 ||   404
       Rpst.: Long sword |    10 |     7 |    24 |     2 ||    43
